 Dungeon Sprint DCSS version 0.23-a0-26-g9187234747 (webtiles) character file.

7476 GordonOverkill the Earth Mage (level 11, -6/68 HPs)
             Began as a Gargoyle Earth Elementalist on Aug 3, 2018.
             Was the Champion of Sif Muna.
             Blown up by an eye of devastation (35 damage)
             ... with a bolt of energy
             ... in the Dungeon (Sprint V: "Ziggurat Sprint").
             The game lasted 00:10:01 (1283 turns).

GordonOverkill the Earth Mage (GrEE)                Turns: 1283, Time: 00:10:01

Health: -6/68      AC: 19    Str: 19    XL:     11   Next: 15%
Magic:  20/31      EV: 16    Int: 30    God:    Sif Muna [******]
Gold:   0          SH:  0    Dex:  8    Spells: 12/42 levels left

rFire    + + +     SeeInvis +   I - +8 lance "Wyrmbane" {slay drac, rPois rF+ rC+ AC+3}
rCold    + . .     Gourm    .   (no shield)
rNeg     + . .     Faith    .   O - +1 robe {MR+}
rPois    ∞         Spirit   .   L - +2 helmet of the Present {Int+4}
rElec    +         Reflect  .   (no cloak)
rCorr    .         Harm     .   (no gloves)
MR       .....     NoTele   +   (no boots)
Stlth    +.........             (no amulet)
HPRegen  0.21/turn              A - +6 ring of intelligence
MPRegen  0.22/turn              i - ring "Sentydor" {rF++ MR- EV+4 Str+3 SInv}

@: confused, mighty, hasted, studying Poison Magic, very quick
A: fangs 1, iridescent scales 1, blurry vision 1, clumsy 1, deterioration 1,
negative energy resistance 1, screaming 1, electricity resistance, unbreathing,
petrification resistance, rot immunity, AC +8
a: Divine Energy, Channel Magic, Forget Spell, Renounce Religion


You were in the Dungeon.
You worshipped Sif Muna.
Sif Muna was exalted by your worship.
You were very hungry.

You visited 1 branch

Inventory:

Hand Weapons
 m - the +6 Majin-Bo {vamp, Archmagi MP+6 Int+6}
   (You found it in the Dungeon)

   It inflicts no extra harm, but heals its wielder when it wounds a living foe.
   It affects your intelligence (+6).
   It affects your magic capacity (+6).
 H - a +5 broad axe
 I - the +8 lance "Wyrmbane" (weapon) {slay drac, rPois rF+ rC+ AC+3}
   (You found it in the Dungeon)

   It affects your AC (+3).
   It protects you from fire.
   It protects you from cold.
   It protects you from poison.
Missiles
 b - 29 stones (quivered)
Armour
 c - a +0 robe
 E - +5 fire dragon scales
 F - +5 gold dragon scales
 G - +5 storm dragon scales
 L - the +2 helmet of the Present (worn) {Int+4}
   (You found it in the Dungeon)

   It affects your intelligence (+4).
 O - a +1 robe of magic resistance (worn)
Magical Staves
 J - an uncursed staff of energy
Jewellery
 i - the ring "Sentydor" (right hand) {rF++ MR- EV+4 Str+3 SInv}
   (You found it in the Dungeon)

   [ring of evasion]

   It affects your evasion (+4).
   It affects your strength (+3).
   It greatly protects you from fire.
   It affects your resistance to hostile enchantments.
   It lets you see invisible.
 y - a +6 ring of dexterity
 z - a +6 ring of dexterity
 A - a +6 ring of intelligence (left hand)
 B - a +6 ring of intelligence
 C - a +6 ring of strength
 D - a +6 ring of strength
 M - the ring of Xabrecwo {rF+ MR++ Int+3}
   (You found it in the Dungeon)

   [ring of intelligence]

   It affects your intelligence (+3).
   It protects you from fire.
   It affects your resistance to hostile enchantments.
Wands
 v - a wand of disintegration (7)
 w - a wand of iceblast (7)
 x - a wand of acid (7)
Scrolls
 j - 3 scrolls of blinking
 p - 4 scrolls of amnesia
 q - 7 scrolls of fog
 r - a scroll of holy word
 s - 5 scrolls of identify
 t - 5 scrolls of remove curse
 u - 2 scrolls of fear
Potions
 a - 2 potions of brilliance
 e - 9 potions of curing
 f - 7 potions of heal wounds
 g - 2 potions of haste
 h - 5 potions of magic
 l - 4 potions of resistance
 n - 5 potions of agility
 o - a potion of might
Books
 N - a manual of Poison Magic
Miscellaneous
 K - a crystal ball of energy
 P - a phial of floods
Comestibles
 d - 7 rations


   Skills:
 - Level 8.0 Fighting
 - Level 1.5 Dodging
 - Level 2.1 Stealth
 + Level 16.0 Spellcasting
 - Level 0.7 Transmutations
 + Level 20.0 Earth Magic


You had 12 spell levels left.
You knew the following spells:

 Your Spells              Type           Power        Failure   Level  Hunger
a - Sandblast             Erth           ######       0%          1    None
b - Stone Arrow           Conj/Erth      ######       1%          3    None
c - Lee's Rapid Deconstr  Erth           #######...   0%          5    None
d - Petrify               Tmut/Erth      ######..     1%          4    None
e - Shatter               Erth           #######...   45%         9    #######
f - Iron Shot             Conj/Erth      ######....   4%          6    ###....
g - Blink                 Tloc           N/A          2%          2    None

Your spell library contained the following spells:

 Spells                   Type           Power        Failure   Level  Hunger
 Magic Dart               Conj           ###.         1%          1    None
 Conjure Flame            Conj/Fire      ###.....     5%          3    None
 Bolt of Magma            Conj/Fire/Erth ######....   3%          5    None
 Slow                     Hex            ###.....     2%          2    None
 Freezing Cloud           Conj/Ice/Air   ###.......   96%         6    ###....
 Mephitic Cloud           Conj/Pois/Air  ###.....     5%          3    None
 Venom Bolt               Conj/Pois      ###.......   45%         5    None
 Teleport Other           Tloc           ###.....     5%          3    None
 Death's Door             Chrm/Necr      ###.......   100%        8    ######.
 Summon Small Mammal      Summ           ###.         1%          1    None
 Animate Dead             Necr           N/A          19%         4    None
 Vampiric Draining        Necr           ###.......   5%          3    None
 Haunt                    Necr/Summ      ###.......   100%        7    #####..
 Borgnjor's Revivificati  Necr           ###.......   100%        8    ######.
 Summon Ice Beast         Ice/Summ       ###.....     19%         4    None
 Call Imp                 Summ           ###.....     2%          2    None
 Shock                    Conj/Air       ###.         1%          1    None
 Statue Form              Tmut/Erth      ######...    4%          6    ###....
 Necromutation            Tmut/Necr      ####......   100%        8    ######.
 Confusing Touch          Hex            ###...       1%          1    None
 Passwall                 Tmut/Erth      ######..     1%          2    None
 Call Canine Familiar     Summ           ###.....     5%          3    None
 Static Discharge         Conj/Air       ###.....     5%          3    None
 Excruciating Wounds      Chrm/Necr      ###.......   45%         5    None
 Passage of Golubria      Tloc           N/A          19%         4    None
 Leda's Liquefaction      Hex/Erth       ######....   1%          4    None
 Darkness                 Hex            ###.......   96%         6    ###....
 Dazzling Spray           Conj/Hex       ###...       5%          3    None
 Summon Forest            Summ/Tloc      ###.......   45%         5    None
 Summon Lightning Spire   Summ/Air       ###.....     19%         4    None
 Summon Guardian Golem    Hex/Summ       ###.....     5%          3    None
 Infestation              Necr           ###.......   100%        8    ######.


Dungeon Overview and Level Annotations

Branches:
Dungeon (1/1)

Altars:
Ashenzari
Cheibriados
Dithmenos
Elyvilon
Fedhas
Gozag
Hepliaklqana
Kikubaaqudgha
Makhleb
Nemelex Xobeh
Okawaru
Qazlal
Ru
Sif Muna
Trog
Uskayaw
Vehumet
Wu Jian
Xom
Yredelemnul
Zin
The Shining One
Beogh
Jiyva
Lugonu

Annotations:
D 1 transporter


Innate Abilities, Weirdness & Mutations

You are resistant to torment.
Your stone body is resilient. (AC +8)
You are immune to poison.
You resist negative energy. (rN+)
You are resistant to electric shocks. (rElec)
You can survive without breathing.
You are immune to petrification.
You are immune to rotting.
You have very sharp teeth.
You are partially covered in iridescent scales. (AC +2)
Scrolls take you a little longer to read.
You are clumsy. (Dex -2)
Your body sometimes deteriorates upon taking damage.
You occasionally shout uncontrollably at your foes.


Message History

The golden eye blinks at you.
You are more confused.
You bump into the unnaturally hard rock wall.
The golden eye blinks at you.
You are more confused.
The slime creature hits you but does no damage.
The golden eye pulsates ominously.
You bump into the unnaturally hard rock wall.
The golden eye blinks!
You closely miss the slime creature.
The slime creature hits you but does no damage.
You impale the slime creature!! You bite the slime creature.
The slime creature is heavily wounded.
The golden eye blinks at you.
You are more confused.
The slime creature closely misses you. The eye of devastation gazes at you.
The bolt of energy hits you!
Ouch! That really hurt!
You die...

▓...8©8.. ▓..8©8..
▓..=):)|..▓..}|)..
▓...)))...▓..[)|..
▓.........▓.......
▓.........▓.......
▓.........▓.......
▓J........▓.......
▓G▓.§...▓.▓†▓...▓.
▓@JG.©....▓.†.©...
▓▓▓▓▓▓▓▓▓▓▓▓▓▓▓▓▓▓


You could see 2 slime creatures, an eye of devastation and a golden eye.

Vanquished Creatures
  2 wolf spiders (D)
  2 shining eyes (D)
  9 draconians (D)
  2 toenail golems (D)
  2 gargoyles (D)
  A tarantella (D)
  A redback (D)
  A yak (D)
  3 hell hounds (D)
  3 wolves (D)
  2 earth elementals (D)
  2 scorpions (D)
  A jelly (D)
  2 iguanas (D)
  A river rat (D)
  A shadow imp (D)
  An ufetubus (D)
  An adder skeleton (D)
  A bat zombie (D)
  2 jackals (D)
40 creatures vanquished.

Vanquished Creatures (others)
  A spatial maelstrom (D)
1 creature vanquished.

Grand Total: 41 creatures vanquished

Notes
Turn   | Place    | Note
-------+----------+-------------------------------------------
     0 | D        | Found the +6 Majin-Bo {vamp, Archmagi MP+6 Int+6}
     0 | D        | Found the +7 great mace "Firestarter" {inner flame, rF++}
     0 | D        | GordonOverkill the Gargoyle Earth Elementalist began the quest for the Orb.
     0 | D        | Reached XP level 1. HP: 10/10 MP: 3/3
     4 | D        | Found a deep blue altar of Sif Muna.
     4 | D        | Found a bloodstained altar of Trog.
     4 | D        | Found a sacrificial altar of Ru.
     4 | D        | Found a stormy altar of Qazlal.
     4 | D        | Found an iron altar of Okawaru.
     5 | D        | Found a sparkling altar of Nemelex Xobeh.
     5 | D        | Found a blossoming altar of Fedhas.
     7 | D        | Found a transporter.
     7 | D        | Found an ancient bone altar of Kikubaaqudgha.
     7 | D        | Found a viscous altar of Jiyva.
     7 | D        | Found a corrupted altar of Lugonu.
     7 | D        | Found a hazy altar of Hepliaklqana.
     7 | D        | Found a burning altar of Makhleb.
     7 | D        | Found an opulent altar of Gozag.
    11 | D        | Banished a spatial maelstrom
    48 | D        | Became a worshipper of Sif Muna the Loreminder
    91 | D        | Reached XP level 2. HP: 25/25 MP: 5/5
   101 | D        | Found the +9 heavy crossbow "Sniper" {velocity, Acc+∞ SInv}
   101 | D        | Found the +10 dark maul {crush}
   101 | D        | Found the +15 Maxwell's patent armour {-Cast -Tele rElec MR+ rCorr}
   101 | D        | Found the +18 shield of the Gong {rElec rN+ MR+ EV-5}
   101 | D        | Found the cursed +14 obsidian axe {chop, +Fly SInv *Curse}
   105 | D        | Found the +6 shillelagh "Devastator" {shatter}
   105 | D        | Found the +11 plutonium sword {*Contam Stlth-}
   105 | D        | Found the +8 lance "Wyrmbane" {slay drac, rPois rF+ rC+ AC+3}
   105 | D        | Found the +9 sword of Zonguldrok {reap}
   105 | D        | Found the cursed +13 scythe of Curses {drain, *Curse}
   105 | D        | Found the +0 sword of Power
   105 | D        | Found the +7 mace of Variability {chain chaos}
   105 | D        | Found the +7 Singing Sword
   105 | D        | Found the +7 longbow "Piercer" {penet, EV-2}
   123 | D        | Entered arena 2.
   123 | D        | Noticed a wolf
   123 | D        | Noticed a wolf
   123 | D        | Found a transporter.
   129 | D        | Killed a wolf
   129 | D        | Reached * piety under Sif Muna
   129 | D        | Reached skill level 6 in Earth Magic
   129 | D        | Reached XP level 3. HP: 26/29 MP: 6/9
   129 | D        | Reached XP level 4. HP: 32/35 MP: 6/10
   131 | D        | Killed a wolf
   131 | D        | Reached ** piety under Sif Muna
   131 | D        | Reached skill level 8 in Earth Magic
   131 | D        | Reached XP level 5. HP: 30/39 MP: 6/13
   188 | D        | Learned a level 3 spell: Stone Arrow
   194 | D        | Learned a level 5 spell: Lee's Rapid Deconstruction
   199 | D        | Learned a level 4 spell: Petrify
   201 | D        | Entered arena 3.
   201 | D        | Found a transporter.
   218 | D        | Got the ring of Xabrecwo {rF+ MR++ Int+3}
   224 | D        | Entered arena 4.
   224 | D        | Noticed a yak
   224 | D        | Noticed a wolf
   224 | D        | Found a transporter.
   232 | D        | Killed a wolf
   232 | D        | Reached *** piety under Sif Muna
   232 | D        | Reached skill level 10 in Earth Magic
   232 | D        | Reached XP level 6. HP: 21/44 MP: 14/16
   236 | D        | Killed a yak
   236 | D        | Reached **** piety under Sif Muna
   236 | D        | Reached skill level 11 in Earth Magic
   239 | D        | Reached XP level 7. HP: 21/49 MP: 15/19
   441 | D        | Entered arena 5.
   441 | D        | Noticed a draconian
   441 | D        | Noticed a draconian
   441 | D        | Noticed a draconian
   441 | D        | Noticed a draconian
   441 | D        | Found a transporter.
   453 | D        | Killed a draconian
   453 | D        | Reached ***** piety under Sif Muna
   453 | D        | Received a gift from Sif Muna
   453 | D        | Reached skill level 10 in Spellcasting
   453 | D        | Reached skill level 12 in Earth Magic
   457 | D        | Killed a draconian
   457 | D        | Reached skill level 13 in Earth Magic
   457 | D        | Reached XP level 8. HP: 51/54 MP: 19/22
   463 | D        | Killed a draconian
   463 | D        | Received a gift from Sif Muna
   463 | D        | Reached skill level 14 in Earth Magic
   478 | D        | Killed a draconian
   478 | D        | Reached skill level 15 in Earth Magic
   478 | D        | Reached XP level 9. HP: 43/59 MP: 23/25
   491 | D        | Got the amulet "Bokle" {Harm *Drain rF+}
   495 | D        | Got the Grimoire of Supportive Weightlessness
   497 | D        | Entered arena 6.
   497 | D        | Noticed a draconian
   497 | D        | Noticed a draconian
   497 | D        | Noticed a draconian
   497 | D        | Noticed a draconian
   497 | D        | Noticed a draconian
   497 | D        | Found a transporter.
   505 | D        | Killed a draconian
   505 | D        | Reached skill level 16 in Earth Magic
   515 | D        | Killed a draconian
   515 | D        | Received a gift from Sif Muna
   517 | D        | Killed a draconian
   524 | D        | Killed a draconian
   524 | D        | Reached skill level 17 in Earth Magic
   524 | D        | Reached XP level 10. HP: 33/64 MP: 27/27
   531 | D        | Killed a draconian
   580 | D        | Got the +2 helmet of the Present {Int+4}
   701 | D        | Learned a level 9 spell: Shatter
   719 | D        | Learned a level 6 spell: Iron Shot
   721 | D        | Entered arena 7.
   721 | D        | Noticed a gargoyle
   721 | D        | Noticed a toenail golem
   721 | D        | Noticed a gargoyle
   721 | D        | Noticed a toenail golem
   723 | D        | Killed a gargoyle
   723 | D        | Identified Sif Muna's Tome of Unholy Secrets and the Traveller (Sif Muna gifted it to you in the Dungeon)
   723 | D        | Received a gift from Sif Muna
   726 | D        | Killed a toenail golem
   726 | D        | Reached skill level 18 in Earth Magic
   732 | D        | Found a transporter.
   736 | D        | Killed a gargoyle
   737 | D        | Killed a toenail golem
   847 | D        | Got the ring "Sentydor" {rF++ MR- EV+4 Str+3 SInv}
   950 | D        | Entered arena 8.
   950 | D        | Noticed a wolf spider
   950 | D        | Noticed a wolf spider
   957 | D        | Killed a wolf spider
   957 | D        | Reached ****** piety under Sif Muna
   957 | D        | Reached skill level 15 in Spellcasting
   957 | D        | Reached skill level 19 in Earth Magic
   972 | D        | Killed a wolf spider
   972 | D        | Identified Sif Muna's Compendium of Toxic Curses (Sif Muna gifted it to you in the Dungeon)
   972 | D        | Received a gift from Sif Muna
   984 | D        | Found a transporter.
  1096 | D        | Learned a level 2 spell: Blink
  1099 | D        | Entered arena 9.
  1117 | D        | Reached XP level 11. HP: 51/68 MP: 7/30
  1128 | D        | Found a transporter.
  1235 | D        | Entered arena 10.
  1235 | D        | Noticed a shining eye
  1235 | D        | Noticed a shining eye
  1242 | D        | Gained mutation: You have very sharp teeth. [a shining eye]
  1244 | D        | Found a transporter.
  1249 | D        | Gained mutation: You are partially covered in iridescent scales. (AC +2) [a shining eye]
  1251 | D        | Gained mutation: You are clumsy. (Dex -2) [a shining eye]
  1260 | D        | Gained mutation: You occasionally shout uncontrollably at your foes. [a shining eye]
  1267 | D        | Gained mutation: Scrolls take you a little longer to read. [a shining eye]
  1268 | D        | Killed a shining eye
  1268 | D        | Identified Sif Muna's Guide on Ashen Summoning (Sif Muna gifted it to you in the Dungeon)
  1268 | D        | Received a gift from Sif Muna
  1273 | D        | Gained mutation: Your body sometimes deteriorates upon taking damage. [a shining eye]
  1277 | D        | Killed a shining eye
  1277 | D        | Reached skill level 20 in Earth Magic
  1283 | D        | Blown up by an eye of devastation

Vault maps used:
D:        sprint_v

Skill      XL: |  1  2  3  4  5  6  7  8  9 10 11 |
---------------+----------------------------------+-----
Fighting       | 8 |  8.0
Spellcasting   | 4 6 7 8 10 12 13 15 16 | 16.0
Earth Magic    | 6 8 10 11 13 15 17 19 20 | 20.0
Dodging        | |  1.5
Stealth        | |  2.1
Transmutations | |  0.7

Action                   |  1- 3 |  4- 6 |  7- 9 | 10-12 || total
-------------------------+-------+-------+-------+-------++-------
Melee: Lance             |     6 |    20 |    58 |    65 ||   149
       Bite              |       |       |       |     4 ||     4
 Cast: Sandblast         |       |       |     1 |       ||     1
       Iron Shot         |       |       |       |    16 ||    16
  Use: Potion            |     1 |     1 |     6 |    12 ||    20
       Scroll            |       |       |       |     1 ||     1
 Stab: Invisible         |       |       |     4 |     1 ||     5
  Eat: Chunk             |       |       |       |     4 ||     4
Armor: Gold dragon scale |    15 |    22 |    62 |       ||    99
       Robe              |       |       |       |    48 ||    48
Dodge: Dodged            |     2 |     7 |     7 |    96 ||   112

Table legend:
 A = Spawn XP
 B = Non-spawn XP
 C = Spawn XP percentage of total XP
 D = Spawn monster count
 E = Non-spawn monster count
 F = Spawn count percentage of total count
 G = Total turns spent on level
                    A         B        C        D         E        F      G
               +---------+---------+-------+---------+---------+-------+---------
         Total |       0 |   10671 |   0.0 |       0 |      40 |   0.0 |  1283
               +---------+---------+-------+---------+---------+-------+---------
             D |       0 |   10671 |   0.0 |       0 |      40 |   0.0 |  1283
               +---------+---------+-------+---------+---------+-------+---------
